 Dungeon Crawl Stone Soup version 0.21.1-1-g345015f (webtiles) character file.

16 Mgcat the Insei (level 2, 0/18 HPs)
             Began as an Octopode Transmuter on Mar 23, 2018.
             Slain by a ball python (1 damage)
             ... on level 1 of the Dungeon.
             The game lasted 00:01:03 (194 turns).

Mgcat the Insei (Octopode Transmuter)                Turns: 194, Time: 00:01:03

Health: 0/18       AC:  1    Str:  9    XL:     2   Next: 54%
Magic:  4/5        EV:  9    Int: 15    God:
Gold:   32         SH:  3    Dex: 12    Spells: 4/5 levels left

rFire    . . .     SeeInvis .     - Unarmed
rCold    . . .     Gourm    .   e - +0 buckler
rNeg     . . .     Faith    .   (helmet restricted)
rPois    .         Spirit   .   (no amulet)
rElec    .         Reflect  .   (no ring)
rCorr    .         Harm     .   (no ring)
MR       .....                  (no ring)
Stlth    +++.......             (no ring)
HPRegen  0.06/turn              (no ring)
MPRegen  0.09/turn              (no ring)
                                (no ring)
                                (no ring)

@: appendage, constricted
A: almost no armour, stealthy swim, amphibious, 8 rings, constrict 8, tentacle
spike 3, camouflage 1, gelatinous body 1
a: End Transformation


You were on level 1 of the Dungeon.
You were not hungry.
One of your tentacles had a temporary spike.
You visited 1 branch of the dungeon, and saw 1 of its levels.

You collected 32 gold pieces.

Inventory:

Missiles
 a - 12 arrows
Armour
 e - a +0 buckler (worn)
   (You found it on level 1 of the Dungeon)
Scrolls
 f - a scroll of identify {unknown}
 g - a scroll of teleportation {unknown}
Books
 b - a book of Changes
Comestibles
 c - a ration
 d - 2 chunks of flesh {@w0}


   Skills:
 + Level 1.4 Fighting
 - Level 2.0 Dodging
 + Level 1.3 Stealth
 + Level 0.6 Shields
 + Level 3.2 Unarmed Combat
 - Level 2.0 Spellcasting
 - Level 2.0 Transmutations


You had 4 spell levels left.
You knew the following spells:

 Your Spells              Type           Power        Failure   Level  Hunger
a - Beastly Appendage     Tmut           #.....       14%         1    #......


Dungeon Overview and Level Annotations

Branches:
Dungeon (1/15)

Altars:


Innate Abilities, Weirdness & Mutations

You cannot wear most types of armour.
You are very stealthy in the water. (Stealth+)
You are amphibious.
You can wear up to eight rings at the same time.
You can use your tentacles to constrict eight enemies at once.
Your skin changes colour to match your surroundings (Stealth+).
Your rubbery body absorbs attacks. (AC +1, EV +1)
One of your tentacles bears a large vicious spike.


Message History

No target in view!
Your magical contamination has completely faded away.
f - a scroll labeled QUQEPI LIPA
g - a scroll labeled QOITTU DUAPP A bat, 2 rats, a jackal and an ooze come into view.
The rat moves out of view.
Casting: Beastly Appendage
Confirm with . or Enter, or press ? or * to list all spells.
One of your tentacles grows a vicious spike. 2 frilled lizards come into view.
The frilled lizard hisses angrily.
Your transformation is almost over.
A bat, a ball python and a goblin come into view.
The helpless rat fails to defend itself.
You tentacle-slap the rat. Your grab misses the rat.
Your tentacle spike misses the rat.
The rat is moderately wounded.
The goblin shouts!
The ball python hisses angrily.
You hear an angry hiss.
The goblin moves out of view.
The rat bites you.
The ooze moves out of view.
The frilled lizard closely misses you.
You hear an angry hiss.
You tentacle-slap the frilled lizard.
You kill the frilled lizard!
The rat barely misses you.
You closely miss the rat. Your grab misses the rat. The rat bites you.
A giant cockroach comes into view.
The frilled lizard hisses angrily.
You tentacle-slap the rat but do no damage.
You grab the rat.
You kill the rat!
The bat hits you. The bat hits you but does no damage.
You tentacle-slap the giant cockroach. Your grab misses the giant cockroach.
The giant cockroach is almost dead.
The bat hits you but does no damage. The giant cockroach misses you.
You closely miss the giant cockroach. You grab the giant cockroach.
You kill the giant cockroach!
The ooze hits you.
A ball python comes into view.
You tentacle-slap the ooze. Your squeeze misses the ooze.
The ooze is moderately wounded.
The ooze hits you.
A goblin comes into view. It is wielding a club.
You barely miss the ooze. You squeeze the ooze!
The ooze is almost dead.
The ooze misses you.
The goblin moves out of view.
You tentacle-slap the ooze.
You kill the ooze!
Your Stealth skill increases to level 1!
You have reached level 2!
The bat hits you but does no damage. x2; The ball python bites you.
* * * LOW HITPOINT WARNING * * *
The ball python grabs you.
* * * LOW HITPOINT WARNING * * *
The ball python constricts you.
You tentacle-slap the ball python.
You kill the ball python!
Your tentacle spike disappears.
The bat hits you but does no damage. The bat hits you but does no damage.
The bat closely misses you. The bat completely misses you.
You block the bat's attack. The bat hits you but does no damage.
The bat hits you.
* * * LOW HITPOINT WARNING * * *
You tentacle-slap the bat.
You kill the bat!
The bat barely misses you. The bat hits you.
* * * LOW HITPOINT WARNING * * *
The bat closely misses you. The bat misses you.
You barely miss the bat. You grab the bat. Your squeeze misses the bat.
You constrict the bat. The bat barely misses you.
You tentacle-slap the bat but do no damage.
You kill the bat!
You tentacle-slap the frilled lizard.
You kill the frilled lizard!
Sorry, you're not good enough to have a special ability.
You aren't carrying any potions.
Unknown command.
Unknown command.
Unknown command.
Unknown command.
Unknown command.
You closely miss the goblin. You grab the goblin. You constrict the goblin.
The goblin barely misses you.
You tentacle-slap the goblin but do no damage.
The goblin is moderately wounded.
You constrict the goblin. The goblin barely misses you.
Casting: Beastly Appendage
Confirm with . or Enter, or press ? or * to list all spells.
You don't know that spell.
Casting: Beastly Appendage
Confirm with . or Enter, or press ? or * to list all spells.
One of your tentacles grows a vicious spike.
You constrict the goblin.
You kill the goblin!
You closely miss the ball python. Your grab misses the ball python.
You block the ball python's attack. The ball python grabs you.
* * * LOW HITPOINT WARNING * * *
The ball python constricts you. The ball python bites you.
You die...

.#..###.#.##.# #.#
...........>.###.#
##..###.#.#...##.###
##..###.#.#........# .
..........#...##.#.###....
#######.####.###.#.......#
#.# #.....#####.... #.#
#####.# ## #.# #@#
#.########S#
#.......##g###... ..
#†.rh....... #l...##.....
#..Sg##..# .... #?...h
#..# ... #....g #$.# ##
##.... #..#


You could see a jackal, a goblin, a ball python and a rat.

Vanquished Creatures
  An ooze (D:1)
  A leopard gecko (D:1)
  2 bats (D:1)
  A giant cockroach (D:1)
  A goblin (D:1)
  A ball python (D:1)
  2 frilled lizards (D:1)
  2 rats (D:1)
11 creatures vanquished.

Notes
Turn   | Place    | Note
-------+----------+-------------------------------------------
     0 | D:1      | Mgcat the Octopode Transmuter began the quest for the Orb.
     0 | D:1      | Reached XP level 1. HP: 13/13 MP: 3/3
   180 | D:1      | Reached skill level 1 in Stealth
   180 | D:1      | Reached XP level 2. HP: 5/18 MP: 5/5
   180 | D:1      | HP: 4/18 [ball python (1)]
   185 | D:1      | HP: 3/18 [bat (1)]
   194 | D:1      | HP: 1/18 [ball python (1)]
   194 | D:1      | Slain by a ball python

Skill      XL: |  1 |
---------------+----+-----
Stealth        | 1 |  1.3
Fighting       | |  1.4
Dodging        | |  2.0
Shields        | |  0.6
Unarmed Combat | |  3.2
Spellcasting   | |  2.0
Transmutations | |  2.0

Action                   || total
-------------------------++-------
Melee: Unarmed           ||    20
       Constrict         ||     4
       Tentacles         ||     2
       Kick              ||     1
       Punch             ||     1
 Cast: Beastly Appendage ||     3
 Stab: Sleeping          ||     1
Armor: Skin              ||     8
Dodge: Dodged            ||    14
Block: Buckler           ||     2

Vault maps used:
D:1:      wheals_arrival_shading, minmay_hexomino_c4

Table legend:
 A = Turns spent in this place as a percentage of turns spent in the entire game.
 B = Non-inter-level travel turns spent in this place as a percentage of non-inter-level travel turns spent in the entire game.
 C = Inter-level travel turns spent in this place as a percentage of turns spent in this place.
 D = Turns resting spent in this place as a percentage of non-inter-level travel turns spent in this place.
 E = Turns spent auto-exploring this place as a percentage of non-inter-level travel turns spent in this place.
 F = Non-inter-level travel turns spent in this place divided by the number of levels of this place that you've seen.
                   A       B       C       D       E      F
               +-------+-------+-------+-------+-------+----------------------
         Total | 100.0 | 100.0 |   0.0 |   0.0 |  72.7 | 194.0
       Dungeon | 100.0 | 100.0 |   0.0 |   0.0 |  72.7 | 194.0
               +-------+-------+-------+-------+-------+----------------------

Table legend:
 A = Kills in this place as a percentage of kills in entire the game.
 B = Kills by you in this place as a percentage of kills by you in the entire game.
 C = Kills by friends in this place as a percentage of kills by friends in the entire game.
 D = Other kills in this place as a percentage of other kills in the entire game.
 E = Experience gained in this place as a percentage of experience gained in the entire game.
 F = Experience gained in this place divided by the number of levels of this place that you have seen.
                   A       B       C       D       E      F
               +-------+-------+-------+-------+-------+----------------------
         Total | 100.0 | 100.0 |   N/A |   N/A | 100.0 |  23.0
       Dungeon | 100.0 | 100.0 |   N/A |   N/A | 100.0 |  23.0
               +-------+-------+-------+-------+-------+----------------------
